 Dungeon Crawl Stone Soup version 0.30-a0-723-gc1506a1cf0 (webtiles) character file.

Game seed: 15964935716632184375

8388 PyroL the Grappler (level 11, -3/117 HPs)
             Began as a Troll Fighter on Jan 28, 2023.
             Was the Champion of Uskayaw.
             Slain by a two-headed ogre
             ... wielding a +0 giant spiked club
              (17 damage)
             ... on level 10 of the Dungeon.
             The game lasted 00:12:55 (6507 turns).

PyroL the Grappler (Troll Fighter)                  Turns: 6507, Time: 00:12:55

Health: -3/117     AC: 11    Str: 36    XL:     11   Next: 9%
Magic:  12/13      EV:  8    Int:  4    God:    Uskayaw [******]
Gold:   571        SH:  8    Dex:  9    Spells: 10/10 levels left

rFire   . . .      SeeInvis +      - Unarmed
rCold   . . .      Faith    .    b - +1 kite shield
rNeg    . . .      Spirit   .    L - +0 swamp dragon scales
rPois   +          Reflect  .    (helmet restricted)
rElec   .          Harm     .    e - +0 cloak
rCorr   .          Rampage  .    (gloves unavailable)
Will    .....                    (boots unavailable) Stlth
                                 p - amulet of regeneration
HPRegen 1.99/turn                j - +6 ring of strength
MPRegen 0.13/turn                G - ring of see invisible

@: studying Maces & Flails
A: large, unfitting armour, claws 3, regeneration 1, shaggy fur 1, tough skin 1
a: Renounce Religion, Stomp, Line Pass, Grand Finale


You were on level 10 of the Dungeon.
You worshipped Uskayaw.
Uskayaw was noncommittal.
You visited 2 branches of the dungeon, and saw 11 of its levels.

You collected 571 gold pieces.

Inventory:

Hand Weapons
 A - a +2 dire flail of venom
Missiles
 k - 15 poisoned darts (quivered)
Armour
 b - a +1 kite shield (worn)
 e - a +0 cloak (worn)
 L - +0 swamp dragon scales (worn)
Jewellery
 j - a +6 ring of strength (left claw)
 p - an amulet of regeneration (around neck)
 x - a ring of fire
 y - a ring of wizardry
 B - an amulet of the acrobat
 G - a ring of see invisible (right claw)
 H - an amulet of reflection
Wands
 a - a wand of paralysis (7)
 z - a wand of flame (46)
 E - a wand of polymorph (14)
 K - a wand of mindburst (7)
Scrolls
 d - 3 scrolls of enchant armour
 g - 4 scrolls of teleportation
 i - 2 scrolls of immolation {unknown}
 l - 3 scrolls of amnesia {unknown}
 n - 3 scrolls of enchant weapon {unknown}
 o - 3 scrolls of vulnerability
 q - a scroll of fog
 r - 3 scrolls of blinking
 w - a scroll of fear {unknown}
 N - a scroll of acquirement {unknown}
 O - a scroll of identify
Potions
 c - 2 potions of might
 f - 8 potions of curing
 h - 2 potions of lignification
 m - 4 potions of berserk rage
 s - a potion of mutation {unknown}
 t - 2 potions of resistance
 u - 2 potions of degeneration {unknown}
 v - 2 potions of cancellation
 C - a potion of brilliance {unknown}
 D - a potion of magic {unknown}
 F - 2 potions of ambrosia {unknown}
 I - a potion of invisibility {unknown}
 J - a potion of flight {unknown}
 M - 2 potions of heal wounds {unknown}


   Skills:
 - Level 10.0 Fighting
 - Level 5.0 Armour
 - Level 2.4 Dodging
 - Level 2.6 Shields
 - Level 10.5 Unarmed Combat
 + Level 4.3 Invocations


You had 10 spell levels left.
You didn't know any spells.
Your spell library contained the following spells:

 Spells                   Type           Power      Damage    Failure   Level
 Beastly Appendage        Tmut           0%         N/A       88%         1
 Wereblood                Tmut           0%         N/A       95%         2
 Spider Form              Tmut/Pois      0%         N/A       99%         3


Dungeon Overview and Level Annotations

Branches:
Dungeon (10/15)            Temple (1/1) D:7            Lair (0/5) D:8
    Orc: D:9-12

Altars:
Ashenzari
Cheibriados
Dithmenos
Elyvilon
Fedhas
Gozag
Kikubaaqudgha
Makhleb
Okawaru
Qazlal
Ru
Sif Muna
Trog
Uskayaw
Vehumet
Xom
Yredelemnul
Zin
The Shining One

Shops:
D:1 [   D:8 *

Annotations:
D:1 2 transporters


Innate Abilities, Weirdness & Mutations

You are too large for most types of armour.
You have claws for hands.
Your natural rate of healing is unusually fast.
You are covered in fur. (AC +1)
You have tough skin. (AC +1)


Message History

You mangle the centaur warrior!!
The centaur warrior is severely wounded.
The centaur warrior hits you with a +0 club!
The centaur warrior completely misses you.
The centaur warrior hits you but does no damage.
The centaur warrior kicks you.
* * * LOW HITPOINT WARNING * * *
You claw the centaur warrior!
The centaur warrior is almost dead.
You hear two shouts!
The centaur warrior hits you with a +0 club.
* * * LOW HITPOINT WARNING * * *
The centaur warrior closely misses you.
You barely miss the centaur warrior.
The centaur warrior is almost dead.
The centaur warrior hits you with a +0 club!
* * * LOW HITPOINT WARNING * * *
The centaur warrior kicks you but does no damage.
You block the centaur warrior's attack.
The centaur warrior kicks you but does no damage.
You mangle the centaur warrior!!
You kill the centaur warrior!
Your Invocations skill increases to level 4!
You claw the two-headed ogre!
The two-headed ogre is lightly wounded.
The two-headed ogre hits you with a +0 giant spiked club.
* * * LOW HITPOINT WARNING * * *
The two-headed ogre hits you with a +0 giant spiked club!
* * * LOW HITPOINT WARNING * * *
You mangle the two-headed ogre!!
The two-headed ogre is heavily wounded.
You mangle the two-headed ogre!!
The two-headed ogre is almost dead.
The two-headed ogre closely misses you. x2
You barely miss the two-headed ogre.
The two-headed ogre is almost dead.
The two-headed ogre hits you with a +0 giant spiked club!!
* * * LOW HITPOINT WARNING * * *
The two-headed ogre hits you with a +0 giant spiked club!
You die...

...#.#.....#.#.#
#.##.##.#..#.#.#
###. .####...#.#
:.. ..?##..#.#
###. .###
##...########
#.#
#(##..........
#C#
#.#....###### .
#.##.#..## # #O
.####@)# ..
..)##O# #.
.#c##..#
#.##.#†.##
#.#.c[.##
#?##.### #..
#..# #..#


You could see a two-headed ogre.

Vanquished Creatures
  Erica (D:8)
  A centaur warrior (D:10)
  Nergalle (D:10)
  Lodul (D:10)
  Pikel (D:7)
  Maggie (D:7)
  A hornet (D:8)
  A raiju (shapeshifter) (D:10)
  A shadow (D:10)
  Eustachio (D:4)
  A wraith (D:10)
  A wyvern (D:7)
  2 steam dragons
  Edmund (D:4)
  2 acid dragons (D:10)
  2 water moccasins
  Duvessa (D:4)
  An orc warrior (D:9)
  5 ice beasts
  A black bear (D:7)
  An ice beast (shapeshifter) (D:10)
  3 sky beasts
  5 centaurs
  4 ogres (D:10)
  A phantom (D:4)
  2 bullfrogs
  2 kobold brigands
  2 gnoll sergeants
  3 scorpions
  3 wights (D:7)
  Dowan (D:4)
  2 howler monkeys (D:6)
  A crimson imp (D:5)
  A jelly (D:5)
  5 hounds
  2 orc priests
  Crazy Yiuf (D:3)
  An iguana (D:7)
  12 orc wizards
  9 gnolls
  6 adders
  4 white imps
  3 worms
  2 dart slugs
  30 orcs
  6 endoplasms
  4 giant cockroaches
  4 goblins
  6 hobgoblins
  3 jackals
  14 kobolds
  3 quokkas
  8 ball pythons
  4 bats
  3 frilled lizards
  3 rats
191 creatures vanquished.

Vanquished Creatures (others)
  An orc wizard (D:6)
  2 toadstools (D:9)
3 creatures vanquished.

Grand Total: 194 creatures vanquished

Notes
Turn   | Place    | Note
-------+----------+-------------------------------------------
     0 | D:1      | PyroL the Troll Fighter began the quest for the Orb.
     0 | D:1      | Reached XP level 1. HP: 22/22 MP: 0/0
   178 | D:1      | Found Ettummitwe's Magic Scroll Boutique.
   214 | D:1      | Reached XP level 2. HP: 29/29 MP: 1/1
   216 | D:1      | Found Anot's Armour Shoppe.
   794 | D:2      | Found a basalt altar of Yredelemnul.
   836 | D:2      | Reached XP level 3. HP: 36/36 MP: 2/2
  1613 | D:3      | Found a runed translucent door.
  1614 | D:3      | Noticed Crazy Yiuf
  1627 | D:3      | Killed Crazy Yiuf
  1628 | D:3      | Reached XP level 4. HP: 12/45 MP: 3/3
  2107 | D:4      | Noticed Edmund
  2116 | D:4      | Noticed Dowan
  2116 | D:4      | Noticed Duvessa
  2370 | D:4      | Noticed a phantom
  2376 | D:4      | Killed a phantom
  2377 | D:4      | Reached XP level 5. HP: 53/53 MP: 4/4
  2457 | D:4      | Noticed Eustachio
  2470 | D:4      | Killed Eustachio
  2471 | D:4      | Reached skill level 5 in Unarmed Combat
  2471 | D:4      | Reached XP level 6. HP: 62/62 MP: 5/5
  2636 | D:4      | Killed Edmund
  3230 | D:4      | Killed Dowan
  3231 | D:4      | Reached XP level 7. HP: 71/71 MP: 6/6
  3321 | D:4      | Killed Duvessa
  3460 | D:5      | Entered Level 5 of the Dungeon
  3534 | D:5      | Reached skill level 5 in Fighting
  3599 | D:5      | Found a broken altar of Ashenzari.
  3648 | D:5      | Reached XP level 8. HP: 80/80 MP: 7/7
  3657 | D:5      | Found a shimmering altar of Xom.
  3665 | D:5      | Found a burning altar of Makhleb.
  4312 | D:6      | Found a snail-covered altar of Cheibriados.
  4496 | D:7      | Noticed Pikel
  4505 | D:7      | Killed Pikel
  4506 | D:7      | Reached skill level 10 in Unarmed Combat
  4506 | D:7      | Reached XP level 9. HP: 84/92 MP: 8/8
  4622 | D:7      | Reached skill level 1 in Armour
  4699 | D:7      | Found a staircase to the Ecumenical Temple.
  4710 | Temple   | Entered the Ecumenical Temple
  4721 | Temple   | Became a worshipper of Uskayaw the Reveller
  4756 | D:7      | Reached * piety under Uskayaw
  4761 | D:7      | Reached ** piety under Uskayaw
  4767 | D:7      | Reached *** piety under Uskayaw
  5032 | D:7      | Noticed Maggie
  5038 | D:7      | Killed Maggie
  5260 | D:8      | Reached XP level 10. HP: 104/104 MP: 9/9
  5270 | D:8      | Reached **** piety under Uskayaw
  5366 | D:8      | Noticed Erica
  5374 | D:8      | Killed Erica
  5397 | D:8      | Found Dostrow's Neck Hole.
  5533 | D:8      | Found a staircase to the Lair.
  5630 | D:9      | Found an ancient bone altar of Kikubaaqudgha.
  5631 | D:9      | Found a glowing golden altar of the Shining One.
  5635 | D:9      | Found a shadowy altar of Dithmenos.
  5637 | D:9      | Found a blossoming altar of Fedhas.
  5639 | D:9      | Found a shimmering blue altar of Sif Muna.
  5639 | D:9      | Found a glowing silver altar of Zin.
  5690 | D:9      | Found a bloodstained altar of Trog.
  5710 | D:9      | Reached skill level 5 in Armour
  5713 | D:9      | Reached ***** piety under Uskayaw
  6287 | D:10     | Entered Level 10 of the Dungeon
  6370 | D:10     | Noticed a cyclops
  6383 | D:10     | Noticed a two-headed ogre
  6398 | D:10     | Noticed Nergalle
  6416 | D:10     | Killed Nergalle
  6424 | D:10     | Noticed a cyclops
  6442 | D:10     | Noticed Lodul
  6465 | D:10     | Killed Lodul
  6466 | D:10     | Reached skill level 10 in Fighting
  6466 | D:10     | Reached ****** piety under Uskayaw
  6488 | D:10     | Reached XP level 11. HP: 72/117 MP: 12/12
  6489 | D:10     | Noticed a centaur warrior
  6503 | D:10     | Killed a centaur warrior
  6507 | D:10     | Slain by a two-headed ogre

Illustrated notes

Levels and vault maps discovered:
D:1:      spicycebolla_arrival_transporter_tutorial, layout_basic, serial_shops,
          shop, nicolae_shop_window_shopping, serial_glass, glass_columns_b,
          glass_columns_b, glass_columns_a, glass_columns_a
D:2:      minmay_razor_zed, layout_rooms, basic_altar
D:3:      layout_loops_ring, serial_co_window_serial, co_window_paths_a,
          co_window_paths_a, co_window_paths_b, co_window_of_opportunity_a,
          co_window_paths_a, co_window_of_opportunity_b, co_window_corner_b,
          co_window_cross_2, co_window_unsneaky_path_d, co_window_corner_b,
          glass_columns_b, uniq_crazy_yiuf_cottage
D:4:      layout_loops_cross, uniq_eustachio, uniq_edmund, uniq_duvessa
D:5:      layout_rooms, grunt_temple_overflow_champion_of_chaos,
          nicolae_ashenzari_skybound, amcnicky_mini_rare_corridor_liquid
D:6:      layout_cave_pools, marbit_many_paths
D:7:      layout_rooms, minmay_temple_entry_fiery, hangedman_glass_teeth,
          minmay_bent, uniq_pikel, uniq_maggie
D:8:      layout_basic, lair_entry_dummy, nicolae_shop_sticking_my_neck_out,
          uniq_erica
D:9:      layout_basic, grunt_temple_overflow_open,
          mainiacjoe_overflow_24_doors, minmay_gold_behind_fungi, minivault_8
D:10:     minmay_gate_of_8, layout_basic, mainiacjoe_overflow_alcove_4,
          mainiacjoe_overflow_catwalk_spiral, minmay_fractal_squares_gapless_7,
          uniq_lodul, uniq_psyche, uniq_nergalle
Temple:   hellmonk_temple_micro_hex

Skill      XL: |  1  2  3  4  5  6  7  8  9 10 11 |
---------------+----------------------------------+-----
Unarmed Combat | 3 4 5 6 7 10 | 10.5
Fighting       | 3 4 5 6 7 10 | 10.0
Armour         | 3 5 |  5.0
Invocations    | 3 4 |  4.3
Dodging        | |  2.4
Shields        | |  2.6

Action                     |  1- 3 |  4- 6 |  7- 9 | 10-12 || total
---------------------------+-------+-------+-------+-------++-------
  Melee: Unarmed           |   119 |    54 |   228 |   143 ||   544
 Invoke: Stomp             |       |       |     2 |     1 ||     3
    Use: Scroll            |     5 |     1 |     1 |     3 ||    10
   Stab: Sleeping          |     2 |     1 |       |       ||     3
         Paralysed         |       |       |     1 |    12 ||    13
 Armour: Robe              |    33 |    18 |    46 |       ||    97
         Steam dragon scal |       |       |    29 |       ||    29
         Swamp dragon scal |       |       |     4 |    55 ||    59
  Dodge: Dodged            |    30 |    19 |    76 |    49 ||   174
  Block: Kite shield       |    43 |    31 |    95 |    50 ||   219

Table legend: (Time is in decaauts)
 A = Elapsed time spent in this place.
 B = Non-inter-level travel time spent in this place.
 C = Inter-level travel time spent in this place.
 D = Time resting spent in this place.
 E = Time spent auto-exploring this place.
 F = Levels seen in this place.
 G = Mean time per level.
                   A        B        C        D        E       F      G
               +--------+--------+--------+--------+--------+-----+--------+
         Total |   6507 |   6239 |    268 |    568 |   4255 |  11 |  591.5 |
       Dungeon |   6488 |   6220 |    268 |    568 |   4255 |  10 |  648.8 |
        Temple |     18 |     18 |      0 |      0 |      0 |   1 |   18.0 |
               +--------+--------+--------+--------+--------+-----+--------+

Top non-repeatable levels by time:
     D:4: 1231 daAuts
     D:3: 1080 daAuts
     D:7: 717 daAuts
     D:9: 661 daAuts
     D:2: 609 daAuts
     D:1: 584 daAuts
     D:6: 537 daAuts
     D:5: 458 daAuts
     D:8: 388 daAuts
    D:10: 219 daAuts
  Temple: 18 daAuts
